 Dungeon Crawl Stone Soup version 0.16.2-12-gd0ad4c3 (webtiles) character file.

489 Peloso the Shield-Bearer (level 6, -3/56 HPs)
             Began as a Minotaur Fighter on Nov 9, 2015.
             Slain by a gnoll
             ... wielding a cursed -2 halberd
              (5 damage)
             ... on level 5 of the Dungeon.
             The game lasted 00:08:16 (2695 turns).

Peloso the Shield-Bearer (Minotaur Fighter)         Turns: 2695, Time: 00:08:16

Health: -3/56      AC: 12    Str: 21    XL:     6   Next: 90%
Magic:  3/3        EV:  5    Int:  5    God:
Gold:   234        SH: 10    Dex: 11    Spells: 0 memorised, 5 levels left

rFire  . . .     SeeInvis .     a - +0 long sword
rCold  . . .     Clarity  .     q - +0 plate armour
rNeg   . . .     SustAb   .     c - +0 shield
rPois  .         Gourm    .     (helmet restricted)
rElec  .         Spirit   .     (no cloak)
rCorr  .         Warding  .     (no gloves)
rMut   .         Stasis   .     (no boots)
MR     .....                    (no amulet)
Stlth  ..........               (no ring)
                                (no ring)

@: not resistant to hostile enchantments, extremely unstealthy
A: retaliatory headbutt, horns 2
a: no special abilities


You were on level 5 of the Dungeon.
You were not hungry.

You visited 1 branch of the dungeon, and saw 5 of its levels.

You collected 234 gold pieces.

Inventory:

Hand weapons
 a - a +0 long sword (weapon)
Armour
 b - a +0 scale mail
 c - a +0 shield (worn)
 q - a +0 plate armour (worn)
Magical devices
 n - a wand of digging (10)
Scrolls
 g - 4 scrolls of remove curse {unknown}
 h - 7 scrolls of identify {unknown}
 i - a scroll of teleportation {unknown}
 l - 3 scrolls of amnesia {unknown}
 m - 3 scrolls of recharging {unknown}
 s - a scroll of noise {unknown}
 t - a scroll of enchant armour {unknown}
 u - a scroll of magic mapping {unknown}
 w - a scroll of random uselessness {unknown}
Potions
 e - a potion of might
 f - 3 potions of restore abilities {unknown}
 j - a potion of brilliance {unknown}
 p - 3 potions of curing {unknown}
 r - a potion of berserk rage {unknown}
Comestibles
 d - a bread ration
 k - a chunk of flesh
 o - a slice of pizza
 v - a royal jelly
 x - a beef jerky


   Skills:
 + Level 5.0 Fighting
 + Level 4.0 Long Blades
 + Level 5.7 Armour
 + Level 2.5 Dodging
 + Level 0.5 Stealth
 + Level 5.9 Shields


You had 5 spell levels left.
You didn't know any spells.

Dungeon Overview and Level Annotations

Branches:
Dungeon (5/15)
 Temple: D:4-7

Altars:
Gozag
Qazlal
Sif Muna

Annotations:
D:4 Blork the orc


Innate Abilities, Weirdness & Mutations

You reflexively headbutt those who attack you in melee.
You have a pair of horns on your head.


Message History

You headbutt the gnoll, but do no damage.
The gnoll hits you from afar with a halberd.
* * * LOW HITPOINT WARNING * * *
You block the gnoll's attack.
You barely miss the gnoll. You block the gnoll's attack.
You block the gnoll's attack. The gnoll hits you with a spear.
* * * LOW HITPOINT WARNING * * *
You hit the gnoll. You headbutt the gnoll!
The gnoll is almost dead.
The gnoll hits you from afar with a halberd.
* * * LOW HITPOINT WARNING * * *
You closely miss the gnoll.
The gnoll is almost dead.
The gnoll hits you but does no damage. You block the gnoll's attack.
The gnoll hits you with a spear.
* * * LOW HITPOINT WARNING * * *
You closely miss the gnoll.
The gnoll is almost dead.
The gnoll hits you from afar with a halberd.
You die...

#### .###########..
.....ggg@)##.#
###.#####.##.######
#)).......#
#.....###.. #..#..#
# #..#..# #.
#..#..# #.
#.##..###### #..
#..#.......#


You could see 3 gnolls.

Vanquished Creatures
  The ghost of Modan the Conjurer, an average DrCj (D:3)
  An ogre (D:4)
  Sigmund (D:2)
  A gnoll sergeant (D:5)
  A hound (D:4)
  Ijyb (D:2)
  3 gnolls (D:5)
  5 adders
  A giant mite (D:3)
  An adder zombie (D:5)
  3 giant geckos
  2 orcs (D:3)
  8 bats
  6 giant cockroaches
  9 hobgoblins
  2 jackals (D:4)
  6 kobolds
  2 quokkas
  8 giant newts
  6 goblins
  6 rats
74 creatures vanquished.

Notes
Turn   | Place    | Note
--------------------------------------------------------------
     0 | D:1      | Peloso, the Minotaur Fighter, began the quest for the Orb.
     0 | D:1      | Reached XP level 1. HP: 19/19 MP: 1/1
   164 | D:1      | Reached skill level 4 in Shields
   197 | D:1      | Reached XP level 2. HP: 24/27 MP: 1/1
   614 | D:2      | Noticed Ijyb
   629 | D:2      | Killed Ijyb
   629 | D:2      | Reached XP level 3. HP: 28/33 MP: 2/2
   656 | D:2      | Noticed Sigmund
   662 | D:2      | Killed Sigmund
   662 | D:2      | Reached skill level 1 in Dodging
   662 | D:2      | Reached XP level 4. HP: 25/40 MP: 2/2
   778 | D:2      | Found an opulent altar of Gozag.
  1246 | D:3      | Reached XP level 5. HP: 43/46 MP: 2/2
  1593 | D:3      | Noticed Modan's ghost (average DrCj)
  1625 | D:3      | Killed Modan's ghost
  1625 | D:3      | Reached skill level 5 in Armour
  1625 | D:3      | Reached skill level 5 in Shields
  2083 | D:4      | Found a stormy altar of Qazlal.
  2132 | D:4      | Noticed Blork the orc
  2141 | D:4      | Found a deep blue altar of Sif Muna.
  2260 | D:4      | Reached XP level 6. HP: 51/53 MP: 3/3
  2476 | D:4      | Noticed an ogre
  2481 | D:4      | Killed an ogre
  2481 | D:4      | Reached skill level 5 in Fighting
  2592 | D:5      | Entered Level 5 of the Dungeon
  2694 | D:5      | HP: 1/56 [gnoll/spear (2)]
  2695 | D:5      | Slain by a gnoll

Action                   |  1- 3 |  4- 6 || total
-------------------------+-------+-------++-------
Melee: Long sword        |    60 |   182 ||   242
  Eat: Chunk             |       |     6 ||     6
